 Dungeon Crawl Stone Soup version 0.31.0-32-g396128a36d (webtiles) character file.

Game seed: 9561512185981438226

383 AdnanSaban the Covered (level 6, -3/38 HPs)
             Began as a Gargoyle Fighter on Apr 15, 2024.
             Slain by a water moccasin (7 damage)
             ... on level 4 of the Dungeon.
             The game lasted 00:05:15 (4658 turns).

AdnanSaban the Covered (Gargoyle Fighter)           Turns: 4658, Time: 00:05:15

Health: -3/38      AC: 18    Str: 21    XL:     6   Next: 76%
Magic:  6/6        EV:  6    Int:  9    God:
Gold:   186        SH:  4    Dex:  9    Spells: 5/5 levels left

rFire   . . .        a - +0 flail
rCold   . . .        c - +0 buckler
rNeg    + . .        w - +0 plate armour
rPois   ∞            (no helmet)
rElec   +            (no cloak)
rCorr   +            j - +0 pair of gloves
SInv    .            t - +0 pair of boots
Will    .....        (no amulet) Stlth
                     h - ring of resist corrosion
HPRegen 0.26/turn    (no ring)
MPRegen 0.10/turn

%: no passive effects
@: no status effects
A: sickness immunity, AC +4, negative energy resistance 1, electricity
resistance, torment resistance 1, petrification resistance
a: no special abilities


You were on level 4 of the Dungeon.
You visited 2 branches of the dungeon, and saw 6 of its levels.

You collected 186 gold pieces.

Inventory:

Hand Weapons
 a - a +0 flail (weapon)
Missiles
 e - 5 boomerangs
 o - 3 darts of dispersal
 u - 4 javelins
Armour
 c - a +0 buckler (worn)
 j - a +0 pair of gloves (worn)
 t - a +0 pair of boots (worn)
 w - a +0 plate armour (worn)
Jewellery
 h - a ring of resist corrosion (left hand)
Wands
 k - a wand of acid (12)
Scrolls
 i - 5 scrolls of blinking {unknown}
 m - 2 scrolls of vulnerability {unknown}
 n - a scroll of noise {unknown}
 p - 2 scrolls of enchant armour {unknown}
 q - a scroll of immolation {unknown}
 s - a scroll of fear {unknown}
 v - 2 scrolls of identify {unknown}
Potions
 d - 2 potions of might
 f - 2 potions of degeneration {unknown}
 g - 2 potions of cancellation {unknown}
 r - a potion of haste {unknown}


   Skills:
 + Level 4.1 Fighting
 + Level 4.5 Maces & Flails
 + Level 0.7 Throwing
 + Level 4.6 Armour
 + Level 1.3 Dodging
 + Level 0.2 Stealth
 + Level 4.3 Shields


You had 5 spell levels left.
You didn't know any spells.
Your spell library contained the following spells:

 Spells                   Type           Power      Damage    Failure   Level
 Shock                    Conj/Air       0%         1d3       100%        1
 Slow                     Hex            0%         N/A       100%        1
 Confusing Touch          Hex            0%         N/A       100%        3
 Sigil of Binding         Hex            0%         N/A       100%        3
 Swiftness                Air            0%         N/A       100%        3
 Vampiric Draining        Necr           0%         2d6       100%        3
 Airstrike                Air            0%         2d(0-16)  100%        4
 Leda's Liquefaction      Alch/Erth      0%         N/A       100%        4
 Lee's Rapid Deconstruct  Erth           0%         3d4*      100%        5
 Summon Forest            Summ/Tloc      0%         N/A       100%        5
 Summon Mana Viper        Hex/Summ       0%         N/A       100%        5
 Bombard                  Conj/Erth      0%         9d1       100%        6
 Summon Cactus Giant      Summ           0%         N/A       100%        6


Dungeon Overview and Level Annotations

Branches:
Dungeon (5/15)             Temple (1/1) D:4

Altars:
Ashenzari
Dithmenos
Fedhas
Hepliaklqana
Kikubaaqudgha
Nemelex Xobeh
Qazlal
Sif Muna
Uskayaw
Wu Jian
Xom
Yredelemnul
Zin

Shops:
D:1 *(=:?

Annotations:
D:3 Eustachio
Temple 2 transporters


Innate Abilities, Weirdness & Mutations

You are immune to sickness and miasma.
Your stone body is resilient. (AC +4)
You are immune to poison.
You resist negative energy. (rN+)
You are resistant to electric shocks. (rElec)
You are resistant to unholy torment.
You are immune to petrification.


Message History

The water moccasin is lightly wounded.
The water moccasin bites you but does no damage. x2
You closely miss the water moccasin.
The water moccasin is lightly wounded.
The water moccasin bites you but does no damage.
The water moccasin bites you.
You miss the water moccasin.
The water moccasin is lightly wounded.
The water moccasin bites you.
You closely miss the water moccasin.
The water moccasin is lightly wounded.
The water moccasin bites you but does no damage.
The water moccasin bites you.
You hit the water moccasin.
The water moccasin is moderately wounded.
You block the water moccasin's attack. The water moccasin barely misses you.
You sock the water moccasin!
The water moccasin is heavily wounded.
The water moccasin bites you but does no damage.
You closely miss the water moccasin.
The water moccasin is heavily wounded.
You block the water moccasin's attack. The water moccasin bites you.
* * * LOW HITPOINT WARNING * * *
You barely miss the water moccasin.
The water moccasin is heavily wounded.
The water moccasin bites you but does no damage.
The water moccasin barely misses you.
You thump the water moccasin!
The water moccasin is almost dead.
The water moccasin bites you.
* * * LOW HITPOINT WARNING * * *
You closely miss the water moccasin.
The water moccasin is almost dead.
The water moccasin bites you but does no damage.
You block the water moccasin's attack.
You miss the water moccasin.
The water moccasin is almost dead.
The water moccasin bites you but does no damage.
The water moccasin bites you!
You die...

....#.#...# ....#.#...#
....#.#...# ....#.#...#
....#.#...# ....#.#####
......#
......########################
...............S@............#
....#.##########.##########.##
....#...# #.# #.# ....#.#.##
#.# #.# ..^.#.#..# #.# #.#
..#.#.##.# #.# #.# ..#.#.##'##
#.# #.#
..#.#.....######.##########.##
..#.#........................#


You could see a water moccasin.

Vanquished Creatures
  An ogre (D:4)
  2 bombardier beetles
  An iguana (D:5)
  2 orc wizards
  5 adders
  4 gnolls
  3 dart slugs (D:2)
  3 ribbon worms
  6 orcs
  5 ball pythons
  An endoplasm (D:1)
  3 giant cockroaches
  5 goblins
  4 hobgoblins
  6 jackals
  6 kobolds
  4 quokkas (D:1)
  7 bats
  2 frilled lizards (D:1)
  4 rats
74 creatures vanquished.

Notes
Turn   | Place    | Note
-------+----------+-------------------------------------------
     0 | D:1      | AdnanSaban the Gargoyle Fighter began the quest for the
                  | Orb.
     0 | D:1      | Reached XP level 1. HP: 14/14 MP: 1/1
    14 | D:1      | Found Mihad's Magic Scroll Shop.
    78 | D:1      | Reached XP level 2. HP: 19/19 MP: 2/2
    83 | D:1      | Found a faded altar of an unknown god.
   252 | D:1      | Found Ciuvuzue's Book Emporium.
   401 | D:1      | Found Ylujogam's Jewellery Shoppe.
   402 | D:1      | Found Hoseoqis's Antique Weapon Shoppe.
   430 | D:1      | Found Ackyozop's Assorted Antiques.
   950 | D:2      | Reached XP level 3. HP: 24/24 MP: 3/3
  1097 | D:2      | Reached XP level 4. HP: 29/29 MP: 4/4
  1944 | D:3      | Reached skill level 1 in Dodging
  1944 | D:3      | Reached XP level 5. HP: 23/33 MP: 5/5
  2616 | D:4      | Noticed an ogre
  2624 | D:4      | Killed an ogre
  2625 | D:4      | Reached XP level 6. HP: 22/38 MP: 6/6
  3201 | D:4      | Noticed Eustachio
  3320 | D:4      | Found a staircase to the Ecumenical Temple.
  3330 | Temple   | Found a transporter.
  3330 | Temple   | Found a transporter.
  3330 | Temple   | Found a transporter.
  3330 | Temple   | Found a transporter.
  3330 | Temple   | Entered the Ecumenical Temple
  4520 | D:5      | Entered Level 5 of the Dungeon
  4614 | D:5      | Noticed a black bear
  4615 | D:5      | Noticed a water moccasin
  4617 | D:5      | Noticed a water moccasin
  4658 | D:4      | Slain by a water moccasin

Illustrated notes

Levels and vault maps discovered:
D:1:      psy_arrival_fountain, layout_basic, ebering_ecumenical_altar_ruins,
          serial_shops, shop, shop, shop, shop, nicolae_shop_dealshenge,
          roderic_lattice_a
D:2:      layout_rooms, minmay_ruptured
D:3:      layout_basic
D:4:      layout_basic, temple_doors_e, uniq_eustachio
D:5:      lemuel_ratsnest, layout_basic, overflow_temple_1_default,
          kennysheep_little_box, chequers_jeans, skrybe_limestone_x,
          minmay_misc_feat_rugged
Temple:   hellmonk_temple_divided_pantheon

Skill      XL: |  1  2  3  4  5  6 |
---------------+-------------------+-----
Armour         | 4 |  4.6
Maces & Flails | 3 4 |  4.5
Dodging        | 1 |  1.3
Shields        | 4 |  4.3
Fighting       | 4 |  4.1
Throwing       | |  0.7
Stealth        | |  0.2

Action                     |  1- 3 |  4- 6 || total
---------------------------+-------+-------++-------
  Melee: Flail             |   106 |   257 ||   363
  Throw: Dart              |       |    17 ||    17
 Armour: Scale mail        |    92 |   264 ||   356
         Plate armour      |       |    41 ||    41
  Dodge: Dodged            |    73 |   124 ||   197
  Block: Buckler           |    30 |    74 ||   104
